Map: [ESL] Tropical Sacrifice

Players

DPGDark (Dark)

  • Race: Zerg Zerg
  • League: Master
  • Spawn Location: 1:00

Maru - Winner!

  • Race: Terran Terran
  • League: Master
  • Spawn Location: 7:00

VOD

Have the link to the VOD?

Description

Time

  • Played on: Nov. 6, 2022, 9:51 a.m.
  • Length: 19:38
Show
View Real Time Build Order
Export as new Build Order

DPGDark Zerg 

Build Orders: Hatch First, Swarm Host 

Get SALT Encoding   

  12  0:00  Drone  
  13  0:13  Overlord  
  13  0:18  Drone  
  14  0:31  Drone x2  
  16  0:50  Hatchery  
  16  0:53  Drone  
  16  0:57  Drone  
  16  1:01  Drone  
  18  1:05  Extractor  
  17  1:16  Spawning Pool  
  16  1:20  Drone  
  16  1:24  Drone  
  18  1:32  Drone  
  19  1:42  Drone  
  20  1:51  Drone  
  21  2:04  Zergling x4, Queen x2  
  21  2:08  Metabolic Boost  
  27  2:13  Zergling x2  
  28  2:17  Overlord  
  28  2:33  Hatchery  
  28  2:35  Drone  
  28  2:38  Drone  
  28  2:41  Drone  
  30  2:48  Queen  
  32  2:57  Zergling x2, Overlord  
  33  3:01  Zergling x2  
  33  3:02  Zergling x2  
  33  3:04  Zergling x2  
  36  3:15  Zergling x10  
  42  3:20  Zergling x4  
  43  3:27  Overlord  
  43  3:33  Zergling x2  
  44  3:44  Queen  
  44  3:46  Drone x3  
  44  3:47  Drone x2  
  51  3:50  Drone x2  
  51  3:53  Drone  
  51  3:54  Drone  
  53  3:56  Drone  
  53  3:58  Drone  
  53  4:03  Drone x2  
  53  4:07  Drone x2  
  57  4:12  Spore Crawler  
  57  4:15  Spore Crawler  
  55  4:19  Queen  
  57  4:26  Overlord  
  57  4:37  Queen, Overlord  
  57  4:38  Roach Warren, Extractor  
  57  4:39  Extractor  
  57  4:40  Overlord  
  57  4:44  Drone  
  57  4:54  Overlord  
  57  4:56  Drone x8  
  65  5:06  Overlord  
  65  5:09  Overlord  
  65  5:18  Roach x3  
  65  5:19  Roach x2  
  70  5:31  Roach x2  
  70  5:33  Zergling x8  
  71  5:36  Zergling x4  
  71  5:39  Zergling x2  
  73  5:43  Roach  
  73  5:48  Zergling x8  
  77  5:52  Zergling x4  
  77  5:55  Zergling x2  
  79  5:57  Zergling x2  
  79  5:59  Zergling x4  
  79  6:01  Ravager x2  
  82  6:05  Lair  
  82  6:12  Drone  
  82  6:13  Drone  
  82  6:14  Drone x2, Ravager  
  81  6:19  Drone x3  
  79  6:27  Drone x2  
  79  6:29  Drone  
  79  6:30  Drone x2  
  83  6:33  Spore Crawler, Drone  
  83  6:35  Extractor  
  83  6:37  Roach x2  
  83  6:38  Roach  
  88  6:40  Drone x2  
  88  6:43  Drone  
  89  6:50  Drone x2  
  85  6:56  Roach  
  85  6:57  Extractor  
  85  6:58  Extractor  
  85  7:02  Drone x5, Roach x2  
  85  7:07  Drone x2  
  96  7:11  Overseer  
  96  7:13  Drone  
  97  7:16  Drone, Spire  
  97  7:17  Drone  
  97  7:20  Overseer  
  98  7:29  Overlord  
  98  7:30  Overlord  
  98  7:34  Hatchery  
  98  7:35  Overlord x2  
  98  7:36  Overlord  
  96  7:54  Infestation Pit  
  96  7:58  Drone x4  
  99  7:59  Nydus Network  
  99  8:00  Evolution Chamber  
  99  8:01  Evolution Chamber  
  96  8:09  Drone  
  96  8:10  Drone x7  
  104  8:17  Drone  
  104  8:18  Drone x2, Overlord  
  107  8:26  Drone x3  
  110  8:27  Pneumatized Carapace  
  110  8:28  Spore Crawler  
  110  8:29  Spore Crawler, Zerg Missile Weapons Level 1, Zerg Melee Weapons Level 1  
  110  8:33  Spore Crawler, Drone x3, Extractor  
  109  8:34  Extractor  
  108  8:41  Overlord  
  108  8:42  Roach x3  
  114  8:48  Spore Crawler  
  114  8:50  Spore Crawler, Overlord  
  112  8:59  Swarm Host x9  
  139  9:04  Swarm Host  
  139  9:05  Swarm Host  
  145  9:15  Glial Reconstitution  
  145  9:24  Swarm Host x5  
  145  9:28  Overlord x4  
  160  9:33  Nydus Canal  
  160  9:38  Overlord  
  160  9:43  Hydralisk Den  
  160  9:44  Baneling Nest  
  158  9:51  Zergling x22  
  165  10:10  Overlord  
  165  10:14  Overlord  
  165  10:17  Overlord  
  165  10:20  Grooved Spines  
  165  10:21  Hive, Overlord x2  
  165  10:22  Hydralisk x4  
  165  10:25  Drone  
  165  10:26  Drone x2  
  165  10:27  Drone  
  177  10:29  Nydus Canal  
  177  10:33  Zerg Melee Weapons Level 2  
  177  10:35  Zerg Missile Weapons Level 2  
  177  10:41  Hydralisk x2  
  181  10:46  Drone  
  182  10:50  Hydralisk x4  
  182  10:54  Centrifugal Hooks  
  190  11:17  Hydralisk x3  
  196  11:18  Zergling x8  
  196  11:21  Overlord  
  196  11:22  Overseer x4  
  200  11:25  Spine Crawler x2  
  200  11:27  Drone, Spine Crawler  
  200  11:32  Muscular Augments  
  198  11:35  Nydus Canal  
  195  11:40  Baneling x2  
  195  11:41  Zergling x2, Baneling x8  
  195  11:42  Zergling x8  
  195  11:43  Adrenal Glands  
  195  11:46  Baneling x14  
  197  11:54  Zergling x2  
  197  11:55  Zergling x4  
  197  11:59  Overseer x4  
  200  12:12  Nydus Canal  
  200  12:13  Zergling x2  
  197  12:20  Hydralisk x2  
  184  12:28  Viper x3  
  184  12:29  Hydralisk  
  162  12:30  Hydralisk x8  
  162  12:31  Zergling x14  
  162  12:33  Hydralisk  
  176  12:39  Nydus Canal  
  176  12:43  Hydralisk x3  
  182  12:48  Lurker Den  
  182  12:50  Viper  
  184  13:00  Nydus Canal  
  184  13:03  Hatchery  
  184  13:04  Overlord x2  
  182  13:14  Zergling x2, Overlord  
  182  13:17  Drone x2  
  182  13:18  Overlord  
  183  13:31  Nydus Canal  
  183  13:32  Zerg Melee Weapons Level 3  
  183  13:33  Zerg Missile Weapons Level 3  
  182  13:41  Zergling x4  
  182  13:42  Zergling x24  
  182  13:48  Drone x3  
  199  13:50  Adaptive Talons  
  199  13:52  Baneling x4  
  199  13:54  Baneling x3  
  199  14:20  Overseer  
  199  14:24  Hatchery  
  199  14:26  Zergling x2  
  199  14:29  Nydus Canal  
  192  14:47  Seismic Spines  
  192  14:50  Zergling x14, Baneling x4  
  192  14:51  Hatchery  
  198  14:55  Nydus Canal  
  190  15:07  Zergling x2  
  190  15:08  Zergling x32  
  190  15:12  Hydralisk  
  176  15:19  Hydralisk x3  
  164  15:22  Hydralisk  
  151  15:30  Hydralisk x3  
  151  15:35  Hydralisk  
  157  15:41  Drone x4  
  163  15:43  Baneling x7  
  163  15:44  Drone  
  164  15:50  Drone x2  
  164  15:51  Lurker  
  164  15:52  Lurker, Baneling x3  
  164  15:53  Baneling x6  
  164  15:54  Zergling x4  
  164  15:56  Zergling x2  
  171  15:57  Baneling x2  
  171  15:58  Overseer  
  171  16:03  Hydralisk x4  
  177  16:05  Drone x2  
  177  16:06  Drone x2  
  177  16:10  Zerg Ground Armor Level 1, Drone  
  180  16:12  Zergling x8  
  164  16:38  Hydralisk x4  
  164  16:39  Zergling x24  
  184  16:40  Zergling x10, Hydralisk  
  184  16:45  Zergling x2, Drone x2  
  184  16:46  Zergling x2  
  180  16:51  Spore Crawler, Drone x2  
  181  16:55  Overseer x2  
  181  16:58  Hatchery  
  181  17:01  Lurker x3  
  183  17:02  Lurker  
  183  17:03  Lurker  
  183  17:04  Baneling x3  
  183  17:07  Nydus Canal  
  181  17:16  Baneling x8  
  181  17:20  Zergling x12  
  181  17:21  Zergling x8  
  191  17:25  Baneling  
  191  17:27  Baneling x5  
  191  17:32  Nydus Canal  
  169  17:39  Zergling x22  
  169  17:41  Zergling x12  
  169  17:42  Zergling x2  
  169  17:43  Zergling x2  
  184  17:44  Hydralisk  
  184  17:46  Zergling x2  
  184  17:49  Baneling x7  
  184  17:54  Zergling x2  
  184  17:55  Zergling x6  
  181  17:59  Zergling x12  
  181  18:01  Baneling x2  
  181  18:05  Zergling x4  
  185  18:07  Nydus Canal  
  185  18:10  Zergling x4  
  175  18:17  Hydralisk x3  
  167  18:26  Hydralisk x3  
  170  18:34  Hydralisk x2  
  139  18:38  Roach x4  
  139  18:41  Roach  
  153  18:45  Roach, Spine Crawler  
  153  18:49  Roach  
  153  18:50  Roach  
  154  18:58  Roach  
  154  18:59  Roach x2  
  154  19:00  Roach  
  152  19:04  Roach  
  152  19:05  Roach  
  128  19:12  Roach x3  
  128  19:15  Roach  
Show
View Real Time Build Order
Export as new Build Order

Maru Terran - Winner!

Build Orders: 2 Factory, Command Center First (CC), Hellion Banshee, Mech 

Get SALT Encoding   

  12  0:00  SCV  
  13  0:12  SCV  
  14  0:18  Supply Depot  
  14  0:24  SCV  
  15  0:39  SCV  
  16  0:51  SCV  
  17  1:00  Command Center  
  17  1:04  SCV  
  18  1:16  SCV  
  18  1:17  Barracks  
  19  1:22  Refinery  
  19  1:28  SCV  
  19  1:31  Refinery  
  20  1:40  SCV  
  21  1:52  SCV  
  22  2:04  Orbital Command, Marine  
  23  2:13  Factory  
  23  2:15  Orbital Command  
  23  2:22  Barracks Reactor  
  23  2:30  SCV  
  24  2:37  Factory  
  24  2:41  SCV  
  24  2:42  SCV  
  26  2:52  Supply Depot  
  26  2:53  SCV  
  26  2:54  SCV  
  28  3:04  Hellion x2  
  32  3:08  Starport  
  32  3:09  SCV  
  32  3:10  SCV  
  34  3:17  Marine  
  35  3:21  SCV  
  35  3:23  Supply Depot  
  35  3:26  SCV  
  37  3:28  Factory Tech Lab  
  37  3:32  Hellion  
  37  3:33  Hellion, SCV  
  42  3:38  SCV  
  43  3:44  Orbital Command  
  43  3:45  Viking  
  43  3:46  SCV  
  47  3:48  Hellion  
  47  3:49  Infernal Pre-Igniter  
  45  3:57  Hellion  
  38  4:04  Hellion  
  38  4:06  SCV  
  39  4:11  Supply Depot  
  41  4:17  Hellion  
  41  4:18  SCV  
  41  4:19  Starport Tech Lab  
  41  4:24  Hellion  
  44  4:27  SCV  
  45  4:33  Supply Depot  
  45  4:34  SCV  
  46  4:39  Hellion  
  46  4:43  SCV  
  49  4:49  Hellion  
  49  4:51  Banshee  
  54  4:55  SCV, Cloaking Field  
  54  4:59  SCV  
  56  5:04  Supply Depot  
  56  5:05  Hellion  
  59  5:07  SCV  
  59  5:11  SCV  
  59  5:12  Hellion  
  62  5:26  SCV x2, Siege Tank, Hellion  
  57  5:38  SCV x2  
  57  5:39  Banshee  
  60  5:49  Command Center  
  60  5:50  SCV x2  
  60  5:53  Supply Depot  
  62  5:57  Hellion  
  62  5:58  Hellion  
  62  6:02  SCV x2  
  64  6:04  Hellion  
  64  6:14  SCV x2  
  63  6:22  Hyperflight Rotors, Banshee  
  65  6:26  SCV x2  
  65  6:31  Refinery x2  
  66  6:38  SCV x2  
  68  6:44  Armory  
  66  6:47  Factory  
  66  6:48  Armory  
  66  6:50  SCV x2  
  68  6:58  Hellion  
  68  7:01  Hellion  
  75  7:03  SCV x2  
  73  7:11  Banshee  
  73  7:15  SCV x2  
  76  7:16  Cyclone  
  76  7:22  Hellion  
  78  7:26  Factory  
  78  7:29  Supply Depot, Factory  
  78  7:31  Factory Tech Lab  
  78  7:38  SCV x2  
  78  7:39  Hellion  
  82  7:50  SCV x2  
  84  7:55  Cyclone x2  
  90  7:59  Supply Depot x2  
  90  8:01  Orbital Command  
  90  8:02  SCV x2  
  95  8:10  Factory Tech Lab  
  95  8:11  Terran Vehicle Weapons Level 1  
  95  8:12  Factory Reactor  
  95  8:15  SCV x2  
  97  8:23  Terran Vehicle And Ship Armor Level 1  
  97  8:26  Engineering Bay  
  96  8:27  SCV x3  
  96  8:28  Command Center  
  96  8:33  Cyclone x2  
  103  8:39  SCV x3, Refinery  
  103  8:40  Refinery  
  106  8:41  Cyclone  
  109  8:48  Supply Depot  
  109  8:49  Supply Depot  
  109  8:51  SCV x3  
  109  8:55  Widow Mine x2  
  116  9:01  Supply Depot x2  
  116  9:03  SCV  
  117  9:10  Cyclone, SCV x2, Widow Mine  
  117  9:11  Supply Depot  
  117  9:15  SCV, Mag-Field Accelerator  
  125  9:22  Banshee  
  125  9:23  Siege Tank  
  125  9:24  SCV  
  132  9:28  SCV  
  133  9:33  Siege Tank  
  133  9:36  SCV  
  137  9:41  SCV  
  136  9:46  Siege Tank  
  136  9:47  Hellion x3  
  136  9:48  SCV  
  136  9:50  SCV  
  145  9:53  SCV  
  145  9:55  Siege Tank  
  149  10:00  SCV  
  149  10:02  Supply Depot  
  149  10:03  SCV  
  149  10:05  SCV, Siege Tank  
  154  10:08  Banshee  
  154  10:12  SCV  
  154  10:13  Supply Depot  
  156  10:15  SCV  
  156  10:17  SCV  
  156  10:18  Siege Tank  
  156  10:20  Command Center  
  157  10:23  Planetary Fortress  
  157  10:25  SCV  
  157  10:27  SCV  
  155  10:30  SCV  
  156  10:37  SCV  
  156  10:39  SCV  
  156  10:40  Supply Depot  
  156  10:42  SCV  
  165  10:43  Terran Vehicle Weapons Level 2, Terran Vehicle And Ship Armor Level 2  
  165  10:49  SCV  
  160  10:51  Command Center, Sensor Tower, SCV  
  160  10:54  SCV, Refinery  
  160  10:55  Refinery  
  162  10:59  Orbital Command  
  162  11:01  SCV  
  164  11:06  SCV  
  164  11:07  Cyclone  
  166  11:13  SCV, Banshee  
  166  11:18  SCV  
  161  11:19  Hellion, Siege Tank  
  161  11:20  Hellion  
  161  11:25  SCV x2  
  170  11:26  Sensor Tower  
  170  11:30  SCV  
  170  11:31  SCV  
  172  11:37  SCV x2, Sensor Tower  
  174  11:41  Barracks  
  174  11:42  SCV  
  174  11:43  Ghost Academy, Barracks  
  174  11:44  SCV  
  176  11:49  SCV x2  
  176  11:53  Siege Tank  
  181  11:54  Orbital Command  
  181  11:56  SCV, Orbital Command  
  179  12:01  SCV  
  179  12:03  SCV  
  179  12:08  Ghost Academy, Barracks x2, Cyclone, SCV  
  184  12:13  SCV  
  184  12:15  SCV  
  182  12:25  SCV x3  
  182  12:26  Factory Tech Lab  
  171  12:37  Supply Depot  
  171  12:39  Supply Depot  
  171  12:44  Factory Tech Lab x2  
  171  12:46  Command Center, Terran Infantry Armor Level 1  
  171  12:47  Barracks, Command Center  
  171  12:48  Supply Depot  
  171  12:49  Refinery  
  171  12:57  Supply Depot  
  171  13:00  Command Center  
  171  13:03  Barracks Tech Lab x2  
  171  13:09  Cyclone, SCV, Siege Tank  
  171  13:10  Terran Vehicle Weapons Level 3, Terran Vehicle And Ship Armor Level 3  
  178  13:14  Sensor Tower  
  178  13:19  Cyclone  
  181  13:24  Barracks Tech Lab  
  181  13:25  Personal Cloaking  
  181  13:33  Medivac  
  183  13:40  Siege Tank x2  
  178  13:42  Ghost x2  
  178  13:43  Barracks Tech Lab, Ghost  
  184  13:52  Command Center  
  184  13:58  Command Center, Siege Tank  
  187  14:06  Orbital Command  
  187  14:12  Ghost x2  
  191  14:31  Siege Tank  
  191  14:35  Medivac  
  191  14:36  Missile Turret  
  191  14:37  Sensor Tower  
  172  14:48  Siege Tank x2, Hellbat  
  172  14:50  Enhanced Shockwaves  
  180  14:54  Hellion  
  180  14:57  SCV  
  182  15:00  SCV  
  182  15:04  Hellion  
  182  15:05  Medivac  
  187  15:10  Hellion  
  161  15:15  Hellion  
  161  15:20  Hellion x2  
  147  15:21  Ghost  
  147  15:22  Ghost  
  147  15:25  Hellion  
  147  15:27  Ghost  
  145  15:28  Orbital Command x2  
  145  15:31  Hellion  
  145  15:34  SCV  
  148  15:35  SCV x2  
  148  15:36  SCV, Hellion  
  148  15:41  Refinery, Siege Tank x2  
  159  15:43  Refinery  
  159  15:45  Sensor Tower  
  159  15:46  Hellion  
  159  15:47  Terran Infantry Armor Level 2  
  159  15:49  Medivac  
  163  15:52  Hellion  
  163  15:56  Orbital Command  
  165  15:57  Siege Tank  
  168  16:05  Ghost x2  
  172  16:12  Ghost  
  172  16:16  Hellion  
  172  16:17  Hellion, Siege Tank, Command Center  
  181  16:20  Orbital Command  
  176  16:30  Ghost  
  165  16:33  Ghost x2  
  165  16:38  Siege Tank  
  154  16:47  Hellion x2, Siege Tank  
  155  16:49  Hellion  
  155  16:51  Refinery  
  161  16:54  Ghost  
  163  17:08  Orbital Command  
  163  17:09  Hellion x2  
  167  17:19  Siege Tank x3  
  176  17:26  Missile Turret  
  176  17:27  Missile Turret  
  176  17:30  Siege Tank  
  175  17:39  Ghost  
  175  17:42  SCV x3  
  175  17:43  SCV x3, Siege Tank  
  180  17:50  Orbital Command  
  180  17:51  Siege Tank  
  183  17:52  Command Center  
  183  17:54  SCV x2  
  183  17:55  SCV x3  
  183  17:57  Siege Tank  
  156  18:15  Siege Tank, Hellbat  
  153  18:25  Hellion x2  
  153  18:30  Hellion  
  153  18:32  SCV x4  
  153  18:33  SCV x2  
  158  18:36  Hellion  
  160  18:44  SCV x4  
  160  18:45  SCV  
  160  18:46  Medivac, Siege Tank  
  160  18:47  Hellion, Widow Mine  
  160  18:48  Orbital Command  
  174  18:51  Hellion  
  170  18:58  Hellion  
  168  19:08  Hellion x2  
  168  19:09  SCV x2  
  160  19:12  Hellion  
Tags
 
Add a new tag
Caveats
  • Supply blocks, unpowered buildings, or Contaminate may cause inaccurate times.
  • Supply counts are checked every 10 seconds.